 Dungeon Crawl Stone Soup version 0.31-a0-145-g046c7d2549 (webtiles) character file.

Game seed: 15409178841506776466

269 qw the Shooter (level 6, -2/52 HPs)
             Began as a Minotaur Hunter on June 7, 2023.
             Was an Initiate of Okawaru.
             Slain by a black bear (3 damage)
             ... on level 5 of the Dungeon.
             The game lasted 00:01:06 (3634 turns).

qw the Shooter (Minotaur Hunter)                    Turns: 3634, Time: 00:01:07

Health: -2/52      AC:  4    Str: 15    XL:     6   Next: 1%
Magic:  5/5        EV: 12    Int:  6    God:    Okawaru [......]
Gold:   489        SH:  0    Dex: 16    Spells: 5/5 levels left

rFire   . . .        Y - +0 shortbow
rCold   . . .        (shield currently unavailable)
rNeg    . . .        c - +0 leather armour
rPois   .            (helmet restricted)
rElec   .            g - +0 cloak
rCorr   .            (no gloves)
SInv    .            (no boots)
Will    .....        (no amulet)
Stlth   +            (no ring)
HPRegen 0.28/turn    (no ring)
MPRegen 0.09/turn

%: no passive effects
@: no status effects
A: horns 2, retaliatory headbutt
a: Renounce Religion


You were on level 5 of the Dungeon.
You worshipped Okawaru.
Okawaru was noncommittal.
You visited 2 branches of the dungeon, and saw 6 of its levels.

You collected 489 gold pieces.


Innate Abilities, Weirdness & Mutations

You have a pair of horns on your head.
You reflexively headbutt those who attack you in melee.


   Skills:
 - Level 4.2 Fighting
 + Level 7.2 Ranged Weapons
 - Level 1.2 Armour
 - Level 2.1 Dodging
 - Level 0.7 Stealth


You had 5 spell levels left.
You didn't know any spells.
Your spell library was empty.

Inventory:

Hand Weapons
 Y - a +0 shortbow (weapon)
Armour
 c - a +0 leather armour (worn)
 g - a +0 cloak (worn)
Scrolls
 h - a scroll of identify
Potions
 a - a potion of curing
 b - a potion of mutation

Dungeon Overview and Level Annotations

Branches:
Dungeon (5/15)             Temple (1/1) D:4

Altars:
Elyvilon
Fedhas
Gozag
Hepliaklqana
Nemelex Xobeh
Okawaru
Qazlal
Sif Muna
Trog
Vehumet
Wu Jian
Xom

Shops:
D:5 *

Annotations:
D:2 1 runed translucent door, Crazy Yiuf


Message History

You shoot an arrow. The arrow barely misses the black bear.
The gnoll bouda shouts!
The gnoll bouda barks out a call to the hunt!
The black bear bites you.
The black bear claws you but does no damage. x2
The gnoll barely misses you.
You shoot an arrow. The arrow hits the black bear.
The black bear is lightly wounded.
The black bear bites you but does no damage.
The black bear claws you but does no damage.
The black bear misses you. The gnoll closely misses you.
You shoot an arrow. The gnoll shouts!
The arrow hits the black bear.
The black bear is moderately wounded.
The gnoll bouda calls upon its god to heal the gnoll.
The gnoll is healed somewhat.
The black bear bites you. The black bear claws you.
The black bear claws you but does no damage.
The gnoll misses you.
You shoot an arrow.
The arrow hits the black bear but does no damage.
The black bear is moderately wounded.
The black bear barely misses you. The black bear closely misses you.
The black bear barely misses you. The gnoll hits you but does no damage.
You shoot an arrow.
The arrow hits the black bear but does no damage.
The black bear is moderately wounded.
The gnoll bouda barks out a call to the hunt!
The gnoll picks up the pace!
An iguana comes into view.
The black bear bites you. The black bear claws you. x2
The gnoll closely misses you.
You shoot an arrow.
The arrow closely misses the black bear.
The iguana hisses angrily.
The black bear bites you. The black bear barely misses you.
The black bear closely misses you. The gnoll closely misses you. x2
The black bear bites you. The black bear claws you.
You die...

#............#
##.......#...#
##......#####
##........##
#..........##
#..)........######
##........#.#.....
#.........#....#.#
#@h)....#####.....
#....g.....#
##.#.#
.....g>#.....#
#....
...##..g##..#..#
##... ##
....##.....#
..#... ..#.l.
.g.... .......
#####.. ...
....... ...
...##... ... ##..


You could see a black bear, a gnoll bouda, an iguana and 2 gnolls.

Vanquished Creatures
  A scorpion (D:4)
  An orc priest (D:3)
  An iguana (D:4)
  3 gnolls (D:5)
  5 adders
  2 dart slugs (D:3)
  6 orcs
  6 ball pythons
  6 endoplasms
  A giant cockroach (D:1)
  5 goblins
  5 hobgoblins
  7 jackals
  4 quokkas
  7 bats
  3 frilled lizards (D:2)
  5 kobolds
  7 rats
75 creatures vanquished.

Notes
Turn   | Place    | Note
-------+----------+-------------------------------------------
     0 | D:1      | qw the Minotaur Hunter began the quest for the Orb.
     0 | D:1      | Reached XP level 1. HP: 18/18 MP: 0/0
     0 | D:1      | 0 ||| qw: Version: 0.2-a-117-gc6b5c8b
     0 | D:1      | 0 ||| qw: Game counter: 2425
     0 | D:1      | 0 ||| qw: Always use a shield: true
     0 | D:1      | 0 ||| qw: God list: Okawaru
     0 | D:1      | 0 ||| qw: Allow faded altars: false
     0 | D:1      | 0 ||| qw: Do Orc after D:15 true
     0 | D:1      | 0 ||| qw: Do second Lair branch before Depths: true
     0 | D:1      | 0 ||| qw: Lair rune preference: random
     0 | D:1      | 0 ||| qw: Plans: Normal
     0 | D:1      | 0 ||| PLANNING D:1-11
   103 | D:1      | Reached XP level 2. HP: 25/25 MP: 1/1
   104 | D:1      | Reached skill level 5 in Ranged Weapons
   534 | D:1      | Found a faded altar of an unknown god.
   626 | D:1      | 626 ||| UPGRADING to +0 cloak.
   631 | D:1      | 631 ||| DROPPING amulet of magic regeneration.
   632 | D:1      | 632 ||| READING scroll labelled QENEIRPH JUWIR.
   632 | D:1      | Identified a scroll of acquirement
   632 | D:1      | 632 ||| ACQUIRING 326 gold pieces
   632 | D:1      | Acquired 326 gold pieces
   634 | D:1      | 634 ||| READING 2 scrolls labelled BOKKYB RIXIUCO.
   635 | D:1      | 635 ||| DROPPING scroll of butterflies.
   652 | D:2      | Reached skill level 3 in Fighting
   696 | D:2      | Reached XP level 3. HP: 31/31 MP: 2/2
   755 | D:2      | Found a runed translucent door.
   756 | D:2      | Noticed Crazy Yiuf
  1376 | D:2      | 1376 ||| READING scroll labelled JISCHU KIAXA.
  1429 | D:2      | 1429 ||| READING 3 scrolls of identify.
  1429 | D:2      | 1429 ||| IDENTIFYING purple potion
  1430 | D:2      | 1430 ||| READING 2 scrolls of identify.
  1430 | D:2      | 1430 ||| IDENTIFYING murky emerald potion
  1459 | D:3      | 1459 ||| STAIRDANCE
  1522 | D:3      | 1522 ||| STAIRDANCE
  1639 | D:3      | Reached skill level 6 in Ranged Weapons
  1639 | D:3      | Reached XP level 4. HP: 38/38 MP: 3/3
  1772 | D:3      | Reached skill level 1 in Armour
  1846 | D:3      | Found a sparkling altar of Nemelex Xobeh.
  2577 | D:3      | 2577 ||| READING scroll labelled NYCI BALORU.
  2578 | D:3      | 2578 ||| DRINKING 2 golden potions.
  2579 | D:3      | 2579 ||| DROPPING potion of brilliance.
  2607 | D:4      | Reached XP level 5. HP: 15/46 MP: 4/4
  2771 | D:4      | Found a staircase to the Ecumenical Temple.
  2772 | D:4      | 2772 ||| PLANNING TEMPLE
  2782 | Temple   | Entered the Ecumenical Temple
  2792 | Temple   | 2792 ||| PLANNING OKAWARU WORSHIP
  2831 | Temple   | Became a worshipper of Warmaster Okawaru
  2831 | Temple   | 2831 ||| PLANNING D:1-11
  3291 | D:4      | Reached skill level 7 in Ranged Weapons
  3562 | D:4      | 3562 ||| READING 2 scrolls of identify.
  3562 | D:4      | 3562 ||| IDENTIFYING fuming purple potion
  3563 | D:4      | 3563 ||| DROPPING potion of degeneration.
  3566 | D:5      | Entered Level 5 of the Dungeon
  3566 | D:5      | Found Bodud's Gadget Gallery.
  3611 | D:5      | 3611 ||| Stepping ~*~*~tactically~*~*~ (outnumbered).
  3614 | D:5      | 3614 ||| Stepping ~*~*~tactically~*~*~ (outnumbered).
  3622 | D:5      | Noticed a black bear
  3623 | D:5      | Reached XP level 6. HP: 29/52 MP: 5/5
  3633 | D:5      | HP: 13/52 [black bear (2)]
  3634 | D:5      | HP: 3/52 [black bear (6)]
  3634 | D:5      | HP: 1/52 [black bear (2)]
  3634 | D:5      | Slain by a black bear

Levels and vault maps discovered:
D:1:      minmay_arrival_cross, layout_basic, ebering_ecumenical_altar_hall
D:2:      layout_basic, uniq_crazy_yiuf_cottage
D:3:      layout_loops_corners, nemelex_diamond_rough_becter,
          minmay_misc_feat_chi
D:4:      layout_basic, minmay_temple_entry_purple_smoke, minmay_fountain_box,
          kennysheep_generic_room_6
D:5:      layout_cave_pools, lemuel_round_altar, serial_glass, glass_columns_b,
          glass_columns_a, glass_columns_a, glass_columns_a,
          due_unseen_surprise, minmay_strange_pillars, nicolae_shop_gadgets
Temple:   nicolae_temple_ecumenical_triangle

Skill      XL: |  1  2  3  4  5 |
---------------+----------------+-----
Ranged Weapons | 5 6 7 |  7.2
Fighting       | 3 4 |  4.2
Armour         | 1 |  1.2
Dodging        | |  2.1
Stealth        | |  0.7

Action                     |  1- 3 |  4- 6 || total
---------------------------+-------+-------++-------
   Fire: Shortbow          |   104 |   129 ||   233
    Use: Scroll            |     5 |     2 ||     7
         Potion            |       |     1 ||     1
 Armour: Leather armour    |    14 |    18 ||    32
  Dodge: Dodged            |    26 |    53 ||    79

Table legend:
 A = Non-vault XP
 B = Vault XP
 C = Vault XP percentage of total XP
 D = Non-vault monster count
 E = Vault monster count
 F = Vault count percentage of total count
                 A         B        C        D         E       F
            +---------+---------+-------+---------+---------+-------
      Total |     383 |       2 |   0.5 |      74 |       1 |   1.3
            +---------+---------+-------+---------+---------+-------
        D:1 |      27 |       0 |   0.0 |      16 |       0 |   0.0
        D:2 |      57 |       0 |   0.0 |      22 |       0 |   0.0
        D:3 |     111 |       0 |   0.0 |      22 |       0 |   0.0
        D:4 |     147 |       2 |   1.3 |      11 |       1 |   8.3
        D:5 |      41 |       0 |   0.0 |       3 |       0 |   0.0
            +---------+---------+-------+---------+---------+-------
